 Dungeon Crawl Stone Soup version 0.30-a0-335-ge5acde7520 (webtiles) character file.

Game seed: 15826653316952162772

10829 koil the Fighter (level 11, -7/119 HPs)
             Began as an Ogre Cinder Acolyte on Oct 31, 2022.
             Was a High Priest of Ignis.
             Mangled by a 13-headed hydra (13 damage)
             ... on level 1 of the Lair of Beasts.
             The game lasted 00:52:55 (12944 turns).

koil the Fighter (Ogre Cinder Acolyte)             Turns: 12944, Time: 00:52:56

Health: -7/119     AC: 14    Str: 28    XL:     11   Next: 68%
Magic:  20/20      EV: 11    Int: 22    God:    Ignis [*****.]
Gold:   530        SH:  5    Dex: 12    Spells: 18/26 levels left

rFire   + + .      SeeInvis .    b - +3 battleaxe
rCold   . . .      Faith    .    (shield currently unavailable)
rNeg    . . .      Spirit   .    Q - +4 robe of Augmentation {Str+4 Int+4 Dex+4}
rPois   +          Reflect  +    (helmet restricted)
rElec   .          Harm     .    q - +2 cloak {rPois}
rCorr   .          Rampage  .    (gloves unavailable)
Will    +....      Rage     3%   (boots unavailable)
Stlth   ++........               k - amulet of reflection
HPRegen 0.39/turn                g - ring "Wujon" {rPois rF+ Dex+5 Stlth+}
MPRegen 0.17/turn                x - +4 ring of protection

@: on berserk cooldown, slowed, very slow
A: large, unfitting armour, tough skin 1, berserk 1, low MP 1, screaming 1,
strong 1
a: Renounce Religion, Fiery Armour, Foxfire Swarm, Rising Flame


You were on level 1 of the Lair of Beasts.
You worshipped Ignis.
Ignis was extremely pleased with you.
You visited 3 branches of the dungeon, and saw 12 of its levels.
You also visited: Bailey.

You collected 761 gold pieces.
You spent 231 gold pieces at shops.

Inventory:

Hand Weapons
 a - a +0 hand axe of flaming
 b - a +3 battleaxe (weapon)
 L - a +0 war axe of electrocution
Missiles
 R - 4 atropa-tipped darts
 W - 5 throwing nets
 X - 7 poisoned darts
 Z - a curare-tipped dart
Armour
 q - a +2 cloak of poison resistance (worn)
 t - a +1 troll leather armour
 y - a +2 robe of cold resistance
 z - a scarf of repulsion
 Q - the +4 robe of Augmentation (worn) {Str+4 Int+4 Dex+4}
   (You found it on level 9 of the Dungeon)

   Str:       It affects your strength (+4).
   Int:       It affects your intelligence (+4).
   Dex:       It affects your dexterity (+4).
Jewellery
 g - the ring "Wujon" (left hand) {rPois rF+ Dex+5 Stlth+}
   (You acquired it in the Ecumenical Temple)

   [ring of protection from fire]

   Dex:       It affects your dexterity (+5).
   rF:        It protects you from fire.
   rPois:     It protects you from poison.
   Stlth:     It makes you more stealthy.
 j - a ring of protection from cold
 k - an amulet of reflection (around neck)
 x - a +4 ring of protection (right hand)
 H - a ring of resist corrosion
 M - a ring of ice
Wands
 i - a wand of flame (8)
 n - a wand of roots (6)
 J - a wand of mindburst (12)
Scrolls
 c - a scroll of amnesia
 f - 2 scrolls of teleportation
 h - 2 scrolls of fog
 C - a scroll of torment
 E - a scroll of immolation
 N - a scroll of poison
 U - a scroll of identify
Potions
 d - 3 potions of curing
 e - a potion of haste
 l - a potion of resistance
 m - 2 potions of cancellation
 o - a potion of berserk rage
 s - a potion of magic
 v - 3 potions of might
 K - a potion of brilliance
 O - a potion of flight


   Skills:
 + Level 10.3 Fighting
 + Level 8.0 Axes
 - Level 5.0 Dodging
 + Level 8.1 Spellcasting
 + Level 5.2 Hexes
 + Level 5.3 Summonings
 + Level 8.1 Fire Magic


You had 18 spell levels left.
You knew the following spells:

 Your Spells              Type           Power      Damage    Failure   Level
a - Scorch                Fire           88%        2d9       1%          2
b - Summon Guardian Gole  Hex/Summ       32%        N/A       2%          3
c - Ignite Poison         Fire/Tmut/Pois 20%        N/A       8%          3

Your spell library contained the following spells:

 Spells                   Type           Power      Damage    Failure   Level
 Summon Small Mammal      Summ           100%       N/A       1%          1
 Call Imp                 Summ           32%        N/A       1%          2
 Call Canine Familiar     Summ           32%        N/A       2%          3
 Magic Dart               Conj           32%        1d4       8%          1
 Cigotuvi's Dreadful Rot  Necr/Pois/Air  16%        N/A       11%         2
 Poisonous Vapours        Pois/Air       16%        N/A       11%         2
 Sticky Flame             Conj/Fire      26%        2d5       14%         4
 Gell's Gravitas          Tloc           8%         N/A       22%         3
 Lesser Beckoning         Tloc           16%        N/A       22%         3
 Mephitic Cloud           Conj/Pois/Air  8%         N/A       22%         3
 Teleport Other           Tloc           8%         N/A       22%         3
 Ignition                 Fire           22%        3d8       100%        8


Dungeon Overview and Level Annotations

Branches:
Dungeon (10/15)            Temple (1/1) D:4            Lair (1/5) D:9
    Orc (0/2) D:10         Bailey (visited)

Altars:
Ashenzari
Cheibriados
Dithmenos
Elyvilon
Fedhas
Gozag
Hepliaklqana
Kikubaaqudgha
Makhleb
Nemelex Xobeh
Okawaru
Qazlal
Sif Muna
Trog
Uskayaw
Vehumet
Wu Jian
Xom
Yredelemnul
Zin
The Shining One

Shops:
D:1 [   D:7 *   D:9 [

Annotations:
Temple 3 transporters


Innate Abilities, Weirdness & Mutations

You are too large for most types of armour.
You have tough skin. (AC +1)
You sometimes lose your temper in combat.
Your magical capacity is low. (-10% MP)
You occasionally shout uncontrollably at your foes.
Your muscles are strong. (Str +4, Int/Dex -1)


Message History

The 11-headed hydra bites you. x2
Your Axes skill increases to level 8!
You slice one of the 11-headed hydra's heads off!
The ten-headed hydra grows two more!
You slash the 12-headed hydra!
The 12-headed hydra is severely wounded.
The 12-headed hydra bites you.
The 12-headed hydra bites you but does no damage. x2
The 12-headed hydra bites you! The 12-headed hydra barely misses you.
The 12-headed hydra bites you.
The 12-headed hydra bites you but does no damage.
The 12-headed hydra bites you.
* * * LOW HITPOINT WARNING * * *
The 12-headed hydra bites you but does no damage.
The 12-headed hydra barely misses you. The 12-headed hydra bites you.
* * * LOW HITPOINT WARNING * * *
The 12-headed hydra closely misses you.
You hack one of the 12-headed hydra's heads off!
The 11-headed hydra grows two more!
You slash the 13-headed hydra!
The 13-headed hydra is severely wounded.
You are no longer berserk.
You are exhausted.
You feel yourself slow down. You block the 13-headed hydra's attack.
The 13-headed hydra closely misses you. The 13-headed hydra bites you.
* * * LOW HITPOINT WARNING * * *
The 13-headed hydra bites you but does no damage.
The 13-headed hydra bites you.
* * * LOW HITPOINT WARNING * * *
You block the 13-headed hydra's attack. The 13-headed hydra bites you!
* * * LOW HITPOINT WARNING * * *
The 13-headed hydra closely misses you. You block the 13-headed hydra's attack.
The 13-headed hydra bites you but does no damage.
The 13-headed hydra bites you.
* * * LOW HITPOINT WARNING * * *
The 13-headed hydra bites you but does no damage. x2
As you read the scroll of fear, it crumbles to dust.
You assume a fearsome visage.
The 13-headed hydra resists with almost no effort.
The 13-headed hydra bites you but does no damage.
The 13-headed hydra bites you!
You die...

...............
...............
...............
...............
........(....#.
..............#
.............##
.......@......#
##....D....####
##.#.....## #
###....# ##...#
#.## .. ...


You could see a 13-headed hydra.

Vanquished Creatures
  Harold (Lair:1)
  A centaur warrior (D:9)
  2 orc knights (Bailey)
  2 manticores (D:9)
  An ugly thing (D:9)
  The ghost of Bediveer the Trooper, a novice GrMo of Lugonu (D:7)
  2 komodo dragons (Lair:1)
  The ghost of greasedhog the Covered, an amateur MiFi (D:4)
  2 unseen horror skeletons (D:7)
  2 trolls (D:9)
  A shadow (D:10)
  3 wyverns
  5 yaks (D:9)
  2 water moccasins
  12 orc warriors
  An ice beast (D:5)
  2 black bears
  An ogre (D:7)
  3 centaurs
  A phantom (D:5)
  4 bullfrogs
  A kobold brigand (D:10)
  2 necrophages
  A scorpion (D:9)
  2 gnoll sergeants
  8 wights
  A killer bee (D:7)
  5 howler monkeys
  3 jellies
  A gnoll bouda (D:7)
  3 hounds
  An orc priest (D:10)
  6 orc wizards
  2 iguanas
  Robin (D:4)
  7 adders
  16 gnolls
  2 river rats (D:4)
  2 white imps
  3 worms (D:4)
  3 dart slugs
  57 orcs
  6 bats
  7 endoplasms
  6 giant cockroaches
  17 goblins
  11 hobgoblins
  2 quokkas
  6 ball pythons
  A frilled lizard (D:3)
  13 kobolds
  10 rats
256 creatures vanquished.

Vanquished Creatures (others)
  A wizard (D:10)
  2 fungi (D:9)
  2 plants (D:9)
5 creatures vanquished.

Grand Total: 261 creatures vanquished

Notes
Turn   | Place    | Note
-------+----------+-------------------------------------------
     0 | D:1      | koil the Ogre Cinder Acolyte began the quest for the Orb.
     0 | D:1      | Reached XP level 1. HP: 24/24 MP: 2/2
   245 | D:1      | Found Vimeo's Armour Boutique.
   287 | D:1      | Reached XP level 2. HP: 28/32 MP: 4/4
   293 | D:1      | Learned a level 2 spell: Scorch
   925 | D:2      | Reached XP level 3. HP: 39/39 MP: 5/5
  1147 | D:2      | Found a stormy altar of Qazlal.
  1499 | D:2      | Reached XP level 4. HP: 47/49 MP: 7/7
  2433 | D:3      | Found a broken altar of Ashenzari.
  2443 | D:3      | Found an ornate altar of the Wu Jian Council.
  2486 | D:4      | Noticed a wyvern
  2490 | D:4      | Noticed greasedhog's ghost (amateur MiFi)
  2494 | D:4      | Found a transporter.
  2542 | D:4      | Found a transporter.
  2611 | D:4      | Reached XP level 5. HP: 12/55 MP: 1/8
  2613 | D:4      | Reached skill level 5 in Fighting
  2892 | D:4      | Noticed Robin
  2911 | D:4      | Killed Robin
  2923 | D:4      | Reached XP level 6. HP: 26/66 MP: 5/10
  3115 | D:4      | Found a staircase to the Ecumenical Temple.
  3711 | D:1      | Bought a +1 cloak of poison resistance for 135 gold pieces
  3800 | D:4      | Killed a wyvern
  3803 | D:4      | Reached XP level 7. HP: 25/74 MP: 2/12
  3996 | D:4      | Killed greasedhog's ghost
  3997 | D:4      | Reached skill level 6 in Fighting
  3997 | D:4      | Reached skill level 5 in Fire Magic
  4326 | D:5      | Entered Level 5 of the Dungeon
  4626 | D:5      | Reached skill level 5 in Axes
  4626 | D:5      | Reached XP level 8. HP: 32/84 MP: 2/14
  4786 | D:5      | Learned a level 3 spell: Summon Guardian Golem
  5396 | Temple   | Entered the Ecumenical Temple
  5396 | Temple   | Found a transporter.
  5396 | Temple   | Found a transporter.
  5398 | Temple   | Found a transporter.
  5398 | Temple   | Found a transporter.
  5426 | Temple   | Identified a scroll of acquirement
  5426 | Temple   | Acquired the ring "Wujon" {rPois rF+ Dex+5 Stlth+}
  5490 | Temple   | Gained mutation: Your muscles are strong. (Str +4, Int/Dex
                  | -1) [potion of mutation]
  5490 | Temple   | Gained mutation: You have hidden genetic defects. [potion
                  | of mutation]
  5490 | Temple   | Gained mutation: You are strong-willed. (Will+) [potion of
                  | mutation]
  5725 | D:6      | Reached skill level 1 in Dodging
  5725 | D:6      | Reached skill level 1 in Hexes
  5725 | D:6      | Reached skill level 1 in Summonings
  5921 | D:6      | Reached skill level 7 in Fighting
  5931 | D:6      | Gained mutation: You occasionally shout uncontrollably at
                  | your foes. [hidden defects]
  5958 | D:6      | Found an ancient bone altar of Kikubaaqudgha.
  6256 | D:7      | Reached skill level 5 in Spellcasting
  6321 | D:7      | Found a flagged portal.
  6344 | Bailey   | Entered a bailey
  6385 | Bailey   | Gained mutation: You frequently scream uncontrollably at
                  | your foes. [hidden defects]
  6385 | Bailey   | Lost mutation: You have hidden genetic defects. [hidden
                  | defects expressed]
  6625 | Bailey   | Reached XP level 9. HP: 67/93 MP: 3/16
  6775 | Bailey   | Noticed an orc knight
  6775 | Bailey   | Noticed an orc knight
  6897 | Bailey   | Killed an orc knight
  7232 | Bailey   | HP: 4/96 [orc knight/+0 halberd (7)]
  7237 | Bailey   | HP: 3/96 [orc knight/+0 halberd (7)]
  7237 | Bailey   | Killed an orc knight
  7238 | Bailey   | Reached skill level 8 in Fighting
  7457 | D:7      | Reached XP level 10. HP: 44/105 MP: 8/19
  7809 | D:7      | Found Qycwerr's General Store.
  7812 | D:7      | Bought a scroll of identify for 32 gold pieces
  7812 | D:7      | Bought a scroll of immolation for 64 gold pieces
  8291 | D:7      | Found a runed translucent gate.
  8293 | D:7      | Found a runed translucent gate.
  8294 | D:7      | Found a runed translucent gate.
  8296 | D:7      | Noticed Bediveer's ghost (novice GrMo)
  8423 | D:7      | Killed Bediveer's ghost
  9089 | D:8      | Reached skill level 9 in Fighting
  9147 | D:9      | Noticed a manticore
  9149 | D:9      | Noticed a manticore
  9159 | D:9      | Killed a manticore
  9164 | D:9      | Killed a manticore
  9438 | D:9      | Found Voenig's Armour Boutique.
  9466 | D:9      | Reached XP level 11. HP: 32/115 MP: 12/21
  9591 | D:9      | Learned a level 3 spell: Ignite Poison
  9601 | D:9      | Identified the +5 ring mail of Ignis's Castigation {Will++
                  | MP+9 Dex-4 Slay+2}
  9641 | D:9      | Found a staircase to the Lair.
  9889 | D:9      | Found the +4 robe of Augmentation {Str+4 Int+4 Dex+4}
  9935 | D:9      | Noticed a red ugly thing
  9947 | D:9      | Killed a red ugly thing
 10273 | D:9      | Noticed a centaur warrior
 10279 | D:9      | Killed a centaur warrior
 10905 | D:10     | Entered Level 10 of the Dungeon
 10955 | D:10     | Reached skill level 5 in Summonings
 11324 | D:10     | Reached skill level 5 in Dodging
 11369 | D:10     | Noticed a wizard
 11372 | D:10     | HP: 3/117 [troll (8)]
 11380 | D:9      | Reached skill level 10 in Fighting
 11380 | D:9      | Reached skill level 5 in Hexes
 11649 | D:10     | Killed a wizard
 11886 | Temple   | Lost mutation: Your muscles are strong. (Str +4, Int/Dex
                  | -1) [potion of mutation]
 11886 | Temple   | Lost mutation: You are strong-willed. (Will+) [potion of
                  | mutation]
 11886 | Temple   | Lost mutation: You frequently scream uncontrollably at your
                  | foes. [potion of mutation]
 11886 | Temple   | Gained mutation: Potions are less effective at restoring
                  | your health. [potion of mutation]
 11886 | Temple   | Gained mutation: You are robust. (+10% HP) [potion of
                  | mutation]
 11887 | Temple   | Lost mutation: You are robust. (+10% HP) [potion of
                  | mutation]
 11887 | Temple   | Lost mutation: Potions are less effective at restoring your
                  | health. [potion of mutation]
 11887 | Temple   | Gained mutation: Your muscles are strong. (Str +4, Int/Dex
                  | -1) [potion of mutation]
 11887 | Temple   | Gained mutation: Your magical capacity is low. (-10% MP)
                  | [potion of mutation]
 11887 | Temple   | Gained mutation: You sometimes lose your temper in combat.
                  | [potion of mutation]
 12633 | D:10     | Found a staircase to the Orcish Mines.
 12776 | Lair:1   | Entered Level 1 of the Lair of Beasts
 12776 | Lair:1   | Noticed Harold
 12788 | Lair:1   | Killed Harold
 12936 | Lair:1   | Noticed a seven-headed hydra
 12944 | Lair:1   | Mangled by a 13-headed hydra

Illustrated notes

Levels and vault maps discovered:
D:1:      spicycebolla_arrival_clurvy, layout_basic, serial_shops,
          nicolae_lakefront_shop
D:2:      layout_loops_corners, minmay_hexomino_r4
D:3:      layout_rooms, amethyst_overflow_temple_binary
D:4:      layout_basic, minmay_temple_entry_trees, gammafunk_ghost_arena,
          portal_sewer_entry_c, minivault_26, uniq_robin
D:5:      layout_rooms, kennysheep_minor_cross
D:6:      cheibrodos_quashed, layout_rooms, lemuel_doored_altar
D:7:      layout_basic, serial_shops, kennysheep_mini, enter_bailey_8,
          gammafunk_ghost_necromancy, minmay_circle_x
D:8:      layout_rooms, minmay_misc_feat_hallway
D:9:      minmay_diamond_stairs, layout_irregular_city,
          grunt_lair_entry_orc_guard_hut, serial_shops,
          nicolae_shop_window_shopping
D:10:     layout_loops_ring, hiddenorc1_lemuel
Temple:   hellmonk_temple_divided_pantheon
Lair:1:   layout_cave_pods, chequers_serial_rivers_micro_d, uniq_harold

Skill      XL: |  1  2  3  4  5  6  7  8  9 10 11 |
---------------+----------------------------------+-----
Fire Magic     | 3 4 5 6 7 8 |  8.1
Spellcasting   | 2 3 4 5 6 7 8 |  8.1
Fighting       | 5 6 7 8 9 10 | 10.3
Axes           | 4 5 6 7 8 |  8.0
Dodging        | 2 3 4 5 |  5.0
Hexes          | 2 3 4 5 |  5.2
Summonings     | 2 3 4 5 |  5.3

Action                   |  1- 3 |  4- 6 |  7- 9 | 10-12 || total
-------------------------+-------+-------+-------+-------++-------
Melee: Hand axe          |    95 |   156 |   162 |   375 ||   788
       Punch             |       |     1 |     2 |     9 ||    12
       Short sword       |       |       |     1 |       ||     1
       Battleaxe         |       |       |       |    20 ||    20
 Cast: Scorch            |     2 |    19 |   102 |   136 ||   259
Invok: Fiery Armour      |       |     1 |     2 |       ||     3
  Use: Scroll            |       |       |    13 |    11 ||    24
       Potion            |       |       |     6 |     4 ||    10
 Stab: Sleeping          |       |       |     3 |     1 ||     4
Armor: Robe              |    20 |    28 |    82 |    96 ||   226
       Troll leather arm |       |       |    11 |   131 ||   142
Dodge: Dodged            |    48 |    87 |   104 |   224 ||   463
Block: Other             |       |    32 |    79 |   122 ||   233
       Reflection        |       |       |       |     1 ||     1

Table legend: (Time is in decaauts)
 A = Elapsed time spent in this place.
 B = Non-inter-level travel time spent in this place.
 C = Inter-level travel time spent in this place.
 D = Time resting spent in this place.
 E = Time spent auto-exploring this place.
 F = Levels seen in this place.
 G = Mean time per level.
                   A        B        C        D        E       F      G
               +--------+--------+--------+--------+--------+-----+--------+
         Total |  12957 |  11712 |   1245 |   1367 |   7715 |  13 |  996.7 |
       Dungeon |  11635 |  10393 |   1242 |    962 |   7573 |  10 | 1163.5 |
        Temple |    158 |    156 |      2 |     55 |      0 |   1 |  158.0 |
          Lair |    169 |    169 |      0 |      0 |    125 |   1 |  169.0 |
        Bailey |    993 |    993 |      0 |    350 |     17 |   1 |  993.0 |
               +--------+--------+--------+--------+--------+-----+--------+

Top non-repeatable levels by time:
     D:4: 1869 daAuts
     D:9: 1787 daAuts
     D:7: 1393 daAuts
    D:10: 1300 daAuts
     D:5: 1160 daAuts
     D:2: 1100 daAuts
  Bailey: 993 daAuts
     D:1: 829 daAuts
     D:3: 828 daAuts
     D:6: 751 daAuts
     D:8: 614 daAuts
  Lair:1: 169 daAuts
  Temple: 158 daAuts
